 Dungeon Crawl Stone Soup version 0.30-a0-728-gc68057be0a (webtiles) character file.

Game seed: 15641359860594143779

1022 browni3141 the Cleaver (level 8, -2/71 HPs)
             Began as a Hill Orc Fighter on Feb 1, 2023.
             Slain by a gnoll
             ... wielding a +0 halberd
              (7 damage)
             ... on level 5 of the Dungeon.
             The game lasted 00:03:04 (3849 turns).

browni3141 the Cleaver (Hill Orc Fighter)           Turns: 3849, Time: 00:03:05

Health: -2/71      AC:  8    Str: 21    XL:     8   Next: 22%
Magic:  8/8        EV:  9    Int:  8    God:
Gold:   259        SH:  4    Dex: 10    Spells: 7/7 levels left

rFire   . . .      SeeInvis .    p - +7 Throatcutter {drain, coup de grace}
rCold   . . .      Faith    .    c - +0 buckler
rNeg    . . .      Spirit   .    b - +0 scale mail
rPois   .          Reflect  .    (no helmet)
rElec   .          Harm     .    (no cloak)
rCorr   .          Rampage  .    (no gloves)
Will    .....                    j - +0 pair of boots Stlth
                                 (no amulet)
HPRegen 0.31/turn                (no ring)
MPRegen 0.11/turn                (no ring)

@: attractive
A: no striking features
a: no special abilities


You were on level 5 of the Dungeon.
You visited 1 branch of the dungeon, and saw 5 of its levels.

You collected 259 gold pieces.

Inventory:

Hand Weapons
 a - a +0 war axe
 p - the +7 Throatcutter (weapon) {drain, coup de grace}
   (You found it on level 3 of the Dungeon)
Missiles
 o - 2 poisoned darts (quivered)
Armour
 b - a +0 scale mail (worn)
 c - a +0 buckler (worn)
 j - a +0 pair of boots (worn)
Scrolls
 e - 5 scrolls of identify {unknown}
 g - 2 scrolls of immolation {unknown}
 l - 4 scrolls of teleportation {unknown}
 n - 3 scrolls of torment {unknown}
 q - a scroll of vulnerability {unknown}
 r - a scroll of amnesia {unknown}
Potions
 d - 2 potions of might
 f - a potion of lignification {unknown}
 h - a potion of mutation {unknown}
 i - a potion of attraction
 k - a potion of heal wounds {unknown}
 m - 2 potions of berserk rage {unknown}


   Skills:
 + Level 6.9 Fighting
 * Level 9.6 Axes
 - Level 3.0 Throwing
 - Level 3.2 Armour
 - Level 3.2 Shields


You had 7 spell levels left.
You didn't know any spells.
Your spell library contained the following spells:

 Spells                   Type           Power      Damage    Failure   Level
 Sandblast                Erth           0%         2d4       83%         1
 Passwall                 Tmut/Erth      0%         N/A       93%         2
 Ignite Poison            Fire/Tmut/Pois 0%         N/A       99%         3
 Kindle Blastsparks       Fire/Tloc/Air  0%         2d10      99%         3
 Stone Arrow              Conj/Erth      0%         3d7       99%         3
 Alistair's Intoxication  Tmut/Pois      0%         N/A       100%        5
 Borgnjor's Vile Clutch   Necr/Erth      0%         N/A       100%        5
 Freezing Cloud           Conj/Ice/Air   0%         6-21      100%        5
 Eringya's Noxious Bog    Tmut/Pois      0%         N/A       100%        6


Dungeon Overview and Level Annotations

Branches:
Dungeon (5/15)
 Temple: D:4-7

Altars:
Makhleb
The Shining One

Shops:
D:2 [


Message History

You hit Ijyb.
You behead Ijyb!
You kill Ijyb!
The jackal bites you but does no damage.
You block the jackal's attack.
The centaur shoots an arrow.
You block the arrow.
The jackal bites you but does no damage.
The jackal barely misses you.
The centaur shoots an arrow.
The arrow hits you.
* * * LOW HITPOINT WARNING * * *
A gnoll comes into view. It is wielding a +0 halberd.
You hear a shout!
The jackal attacks as you move away! You block the jackal's attack.
A gnoll comes into view. It is wielding a +2 flail of draining.
The gnoll shouts!
You block the jackal's attack.
The centaur shoots an arrow.
The arrow hits you.
* * * LOW HITPOINT WARNING * * *
You block the jackal's attack.
You slash the gnoll! You drain the gnoll.
The gnoll is almost dead.
The jackal barely misses you. The jackal closely misses you.
The jackal barely misses you. You block the gnoll's attack.
An ufetubus comes into view.
The jackal misses you.
Okay, then.
You hit the gnoll.
You kill the gnoll!
The centaur shoots an arrow.
The arrow barely misses you.
The arrow barely misses the jackal.
The jackal barely misses you.
The jackal bites you but does no damage.
The centaur shoots an arrow.
The arrow barely misses you.
The arrow closely misses the jackal.
You block the gnoll's attack.
The jackal bites you but does no damage.
You block the jackal's attack.
The centaur shoots an arrow.
The arrow hits you.
* * * LOW HITPOINT WARNING * * *
The gnoll barely misses you. The jackal closely misses you.
It was a potion of attraction.
You feel attractive to monsters. The jackal barely misses you.
The jackal bites you.
* * * LOW HITPOINT WARNING * * *
The gnoll hits you from afar with a +0 halberd!
You die...

#.## ##### #...
##...## #..#
##.....## #..#
#####.......#
#..#
............#
#..#
#####...<...#
#.)# ##[....##
#hh#
##...#####.@####.
##....<...c)g...#
#####.###..g5....
############.#
######.##
#...<.....##.# #
#..####......#
#.#.###......#
.###.........#
#.#.###.....##


You could see a centaur, 2 gnolls, an ufetubus and 2 jackals.

Vanquished Creatures
  Sigmund (D:5)
  A water moccasin (D:5)
  A centaur (D:5)
  2 phantoms
  Blork the orc (D:4)
  A scorpion (D:4)
  A jelly (D:5)
  A centaur skeleton (D:4)
  Ijyb (D:5)
  2 iguanas (D:4)
  3 orc wizards (D:4)
  A hound skeleton (D:4)
  A gnoll (D:5)
  A howler monkey skeleton (D:4)
  4 adders
  2 ufetubi (D:5)
  2 adder zombies (D:4)
  An adder skeleton (D:4)
  A worm (D:4)
  3 dart slugs (D:3)
  9 orcs
  5 bats
  5 endoplasms
  8 goblins
  4 hobgoblins
  13 jackals
  2 kobolds (D:1)
  A quokka (D:2)
  6 ball pythons
  3 frilled lizards
  A quokka zombie (D:4)
  6 rats
94 creatures vanquished.

Vanquished Creatures (others)
  An orc wizard (D:4)
  A withered plant (D:4)
2 creatures vanquished.

Grand Total: 96 creatures vanquished

Notes
Turn   | Place    | Note
-------+----------+-------------------------------------------
     0 | D:1      | browni3141 the Hill Orc Fighter began the quest for the
                  | Orb.
     0 | D:1      | Reached XP level 1. HP: 19/19 MP: 1/1
     6 | D:1      | Found a faded altar of an unknown god.
    24 | D:1      | Reached skill level 3 in Axes
   275 | D:1      | Reached XP level 2. HP: 27/27 MP: 2/2
   622 | D:1      | Reached skill level 4 in Axes
   733 | D:2      | Found Haymuz's Armour Shoppe.
   801 | D:2      | Reached XP level 3. HP: 33/33 MP: 3/3
  1726 | D:3      | Reached XP level 4. HP: 41/41 MP: 4/4
  1903 | D:3      | Reached skill level 5 in Axes
  1992 | D:3      | Found the +7 Throatcutter {drain, coup de grace}
  2162 | D:3      | Found a glowing golden altar of the Shining One.
  2193 | D:3      | Found a burning altar of Makhleb.
  2343 | D:4      | Noticed a phantom
  2349 | D:4      | Killed a phantom
  2350 | D:4      | Reached skill level 1 in Throwing
  2350 | D:4      | Reached XP level 5. HP: 34/47 MP: 5/5
  2351 | D:4      | Reached skill level 5 in Fighting
  2351 | D:4      | Reached skill level 6 in Axes
  2445 | D:4      | Reached XP level 6. HP: 49/56 MP: 6/6
  2540 | D:4      | Noticed Blork the orc
  2551 | D:4      | Killed Blork the orc
  2552 | D:4      | Reached skill level 7 in Axes
  2725 | D:4      | Reached XP level 7. HP: 56/62 MP: 7/7
  3375 | D:5      | Entered Level 5 of the Dungeon
  3404 | D:5      | Reached skill level 8 in Axes
  3461 | D:5      | Noticed Sigmund
  3469 | D:5      | Killed Sigmund
  3474 | D:5      | Reached XP level 8. HP: 13/71 MP: 8/8
  3478 | D:5      | Reached skill level 9 in Axes
  3836 | D:5      | Noticed Ijyb
  3845 | D:5      | Killed Ijyb
  3849 | D:5      | Slain by a gnoll

Illustrated notes

Levels and vault maps discovered:
D:1:      dpeg_arrival_tiny_d, layout_loops_cross,
          ebering_ecumenical_altar_sacrificial
D:2:      layout_basic, serial_shops, shop_fountains, dk_noncrumbling_4
D:3:      layout_loops_ring, mainiacjoe_overflow_catwalk_spiral,
          chequers_serial_rivers_micro_d
D:4:      layout_basic, serial_undead, serial_undead_d, serial_undead_f,
          serial_undead_e, serial_undead_e, hangedman_decor_clover_reticule,
          eino_tiny_chamber, uniq_blork_the_orc
D:5:      layout_loops_ring, uniq_sigmund, uniq_crazy_yiuf_cottage, uniq_ijyb

Skill      XL: |  1  2  3  4  5  6  7  8 |
---------------+-------------------------+-----
Axes           | 3 4 5 6 7 8 9 |  9.6
Fighting       | 4 5 6 |  6.9
Throwing       | 1 2 3 |  3.0
Armour         | |  3.2
Shields        | |  3.2

Action                     |  1- 3 |  4- 6 |  7- 9 || total
---------------------------+-------+-------+-------++-------
  Melee: War axe           |   100 |    22 |       ||   122
         Long sword        |       |    57 |    57 ||   114
    Use: Potion            |       |       |     1 ||     1
 Armour: Scale mail        |    62 |    47 |    45 ||   154
  Dodge: Dodged            |    59 |    49 |    50 ||   158
  Block: Buckler           |    20 |    23 |    31 ||    74

Table legend: (Time is in decaauts)
 A = Elapsed time spent in this place.
 B = Non-inter-level travel time spent in this place.
 C = Inter-level travel time spent in this place.
 D = Time resting spent in this place.
 E = Time spent auto-exploring this place.
 F = Levels seen in this place.
 G = Mean time per level.
                   A        B        C        D        E       F      G
               +--------+--------+--------+--------+--------+-----+--------+
         Total |   3941 |   3840 |    101 |      0 |   3181 |   5 |  788.2 |
       Dungeon |   3941 |   3840 |    101 |      0 |   3181 |   5 |  788.2 |
               +--------+--------+--------+--------+--------+-----+--------+

Top non-repeatable levels by time:
     D:4: 1092 daAuts
     D:2: 986 daAuts
     D:3: 695 daAuts
     D:1: 679 daAuts
     D:5: 487 daAuts
